 Dungeon Crawl Stone Soup version 0.31-a0-1321-g5021b54cb2 (webtiles) character file.

Game seed: 619850419321482678

497 Sonofthefire the Ruffian (level 7, 0/43 HPs)
             Began as an Octopode Shapeshifter on Dec 20, 2023.
             Shot with an arrow by a centaur (14 damage)
             ... on level 5 of the Dungeon.
             The game lasted 00:05:02 (3197 turns).

Sonofthefire the Ruffian (Octopode Shapeshifter)    Turns: 3197, Time: 00:05:02

Health: 0/43       AC:  1    Str: 19    XL:     7   Next: 16%
Magic:  7/7        EV: 13    Int: 12    God:
Gold:   187        SH:  0    Dex: 12    Spells: 6/6 levels left

rFire   . . .        q - +1 whip "Kobov" {heavy, Str+4 SInv}
rCold   . . .        (no shield)
rNeg    + . .        (helmet currently unavailable)
rPois   .            (no amulet)
rElec   .            j - ring of positive energy
rCorr   .            (no ring)
SInv    +            (no ring)
Will    +....        (no ring)
Stlth   ++           (no ring)
HPRegen 0.27/turn    (no ring)
MPRegen 0.10/turn    (no ring)
                     (no ring)

%: no passive effects
@: beast-form, enlightened, flying
A: beast (slay +1), almost no armour, amphibious, 8 rings, camouflage 1,
gelatinous body 1, (nimble swimmer 1), tentacles
a: Begin Untransformation


You were on level 5 of the Dungeon.
You were a hulking beast.
You visited 1 branch of the dungeon, and saw 5 of its levels.

You collected 187 gold pieces.

Inventory:

Hand Weapons
 q - the +1 whip "Kobov" (weapon) {heavy, Str+4 SInv}
   (You found it on level 5 of the Dungeon)

   Str+4:     It affects your strength (+4).
   SInv:      It lets you see invisible.
Missiles
 n - 4 poisoned darts
Jewellery
 j - a ring of positive energy (left tentacle)
Talismans
 b - a beast talisman
 c - a flux talisman
Scrolls
 d - 5 scrolls of identify {unknown}
 e - 2 scrolls of butterflies {unknown}
 f - 2 scrolls of noise {unknown}
 g - a scroll of silence {unknown}
 h - a scroll of brand weapon {unknown}
 k - a scroll of vulnerability {unknown}
 o - a scroll of blinking {unknown}
 p - a scroll of teleportation {unknown}
Potions
 a - a potion of brilliance
 i - a potion of ambrosia {unknown}
 l - a potion of enlightenment
 r - a potion of haste {unknown}


   Skills:
 - Level 1.0 Fighting
 - Level 2.0 Dodging
 + Level 7.9 Unarmed Combat
 - Level 3.0 Shapeshifting


You had 6 spell levels left.
You didn't know any spells.
Your spell library contained the following spells:

 Spells                   Type           Power      Damage    Failure   Level
 Mercury Vapours          Alch/Air       0%         N/A       45%         2
 Mephitic Cloud           Conj/Alch/Air  0%         N/A       69%         3
 Freezing Cloud           Conj/Ice/Air   0%         6-21      100%        5


Dungeon Overview and Level Annotations

Branches:
Dungeon (5/15)
 Temple: D:4-7

Altars:
Cheibriados
Okawaru
Wu Jian

Shops:
D:2 *[!


Innate Abilities, Weirdness & Mutations

You are a hulking beast.
Your limbs bulge with bestial killing power. (Slay +1)
You cannot wear most types of armour.
You are amphibious.
You can wear up to eight rings at the same time.
Your skin changes colour to match your surroundings (Stealth+).
Your rubbery body absorbs attacks. (AC +1, EV +1)
((You are camouflaged when in or above water. (Stealth+)))
You have tentacles for arms and can constrict up to eight enemies at once.


Message History

You closely miss the orc. Your grab misses the orc. You squeeze the orc.
The orc is almost dead.
You bludgeon the orc!
You kill the orc!
You see here a +0 flail.
You start resting.
HP restored.
A centaur comes into view.
Found a bubbling brown potion.
Found a snail-covered altar of Cheibriados.
You see here the +1 whip "Kobov" {heavy, Str+4 SInv}.
q - the +1 whip "Kobov" {heavy, Str+4 SInv} The centaur shouts!
You hear a shout! x2
The centaur wields a +3 shortbow.
The centaur shoots an arrow.
The arrow barely misses you.
You feel stronger.
q - the +1 whip "Kobov" (weapon)
{heavy, Str+4 SInv}
r - a bubbling brown potion Hit: q) +1 whip "Kobov" {heavy, Str+4 SInv}
Press: ? - help, Dir - move target, f - you
Okay, then.
Okay, then.
The centaur shoots an arrow.
The arrow hits you!
The centaur shoots an arrow.
The arrow hits you!
The centaur shoots an arrow.
The arrow hits you.
Found an iron altar of Okawaru.
The centaur shoots an arrow.
The arrow closely misses you.
The centaur shoots an arrow.
The arrow misses you.
You hear a shout!
It was a potion of curing.
You feel better.
You hear a shout!
The centaur shoots an arrow.
The arrow hits you!
* * * LOW HITPOINT WARNING * * *
You feel better.
The centaur shoots an arrow.
The arrow completely misses you.
It was a potion of enlightenment.
You feel very buoyant.
You fly up into the air.
A gnoll sergeant and 3 gnolls come into view.
The centaur shoots an arrow.
The arrow hits you!
You die...

#........#...
#######.####..'...
#.....#.#..<#.#...
#.###.#.#......#'#
#.#.....#......#..
#.#.#...##.###.###
#.#.#...##.#...#
#.#.#.####.[..####
#h#..............)
.........###.###########
..g.................
.≈≈≈≈≈≈≈.≈≈≈≈≈.#####
g≈....c≈.....≈...
g≈.≈≈≈.≈≈≈≈≈.≈.#.#
.≈.≈_≈.≈...≈.≈.#.#
g≈.≈.≈.≈.≈.≈.≈.# #
..≈.≈_≈.≈..


You could see a gnoll sergeant (wandering), a centaur and 3 gnolls.

Vanquished Creatures
  Sigmund (D:3)
  A scorpion (D:4)
  A jelly (D:4)
  A hound (D:4)
  An orc priest (D:4)
  Jessica (D:2)
  An orc wizard (D:4)
  3 adders
  3 worms
  2 dart slugs
  7 orcs
  11 ball pythons
  5 endoplasms
  2 giant cockroaches
  5 goblins
  11 hobgoblins
  13 jackals
  6 kobolds
  5 quokkas
  6 bats
  6 frilled lizards
  4 rats
96 creatures vanquished.

Notes
Turn   | Place    | Note
-------+----------+-------------------------------------------
     0 | D:1      | Sonofthefire the Octopode Shapeshifter began the quest for
                  | the Orb.
     0 | D:1      | Reached XP level 1. HP: 13/13 MP: 1/1
    38 | D:1      | Reached XP level 2. HP: 11/18 MP: 2/2
   133 | D:1      | Reached skill level 4 in Unarmed Combat
   200 | D:1      | Reached XP level 3. HP: 22/23 MP: 3/3
   811 | D:2      | Noticed Jessica
   815 | D:2      | Killed Jessica
   816 | D:2      | Reached skill level 5 in Unarmed Combat
   816 | D:2      | Reached XP level 4. HP: 28/28 MP: 4/4
   822 | D:2      | Found Ecsairr's Antique Armour Shoppe.
   856 | D:2      | Found Maol's Distillery.
   944 | D:2      | Found Loxep's Assorted Antiques.
  1333 | D:3      | Noticed Sigmund
  1380 | D:3      | Killed Sigmund
  1381 | D:3      | Reached skill level 6 in Unarmed Combat
  1381 | D:3      | Reached XP level 5. HP: 6/33 MP: 5/5
  1381 | D:3      | Reached XP level 6. HP: 7/38 MP: 6/6
  1510 | D:3      | Found an ornate altar of the Wu Jian Council.
  1886 | D:3      | Found a faded altar of an unknown god.
  2239 | D:4      | Reached skill level 7 in Unarmed Combat
  2597 | D:4      | Reached XP level 7. HP: 10/43 MP: 7/7
  3114 | D:5      | Entered Level 5 of the Dungeon
  3176 | D:5      | Found a snail-covered altar of Cheibriados.
  3176 | D:5      | Identified the +1 whip "Kobov" {heavy, Str+4 SInv}
  3193 | D:5      | Found an iron altar of Okawaru.
  3197 | D:5      | Shot with an arrow by a centaur

Illustrated notes

Levels and vault maps discovered:
D:1:      eino_arrival_druids_welcome, layout_basic, minmay_tetromino_l2
D:2:      layout_loops_ring, serial_shops, shop, shop, shop,
          kennysheep_minor_cross, uniq_jessica
D:3:      layout_basic, nicolae_wu_jian_wuxing_cycle,
          ebering_ecumenical_altar_mist, minmay_ruptured, uniq_sigmund
D:4:      layout_basic
D:5:      layout_basic, grunt_temple_overflow_growth_and_decay,
          mainiacjoe_overflow_catwalk_spiral, minmay_misc_feat_room,
          chequers_serial_rivers_micro_a, minmay_lizard_king

Skill      XL: |  1  2  3  4  5  6 |
---------------+-------------------+-----
Unarmed Combat | 4 5 6 7 |  7.9
Fighting       | |  1.0
Dodging        | |  2.0
Shapeshifting  | |  3.0

Action                     |  1- 3 |  4- 6 |  7- 9 || total
---------------------------+-------+-------+-------++-------
  Melee: Unarmed           |    88 |    88 |    12 ||   188
         Constrict         |    21 |    20 |     1 ||    42
         Tentacles         |     8 |    13 |     2 ||    23
         Punch             |     2 |     2 |       ||     4
    Use: Potion            |     1 |     3 |     3 ||     7
   Stab: Sleeping          |     3 |     7 |     1 ||    11
 Armour: Skin              |    42 |    38 |    11 ||    91
  Dodge: Dodged            |    64 |    49 |     8 ||   121

Table legend: (Time is in decaauts)
 A = Elapsed time spent in this place.
 B = Non-inter-level travel time spent in this place.
 C = Inter-level travel time spent in this place.
 D = Time resting spent in this place.
 E = Time spent auto-exploring this place.
 F = Levels seen in this place.
 G = Mean time per level.
                   A        B        C        D        E       F      G
               +--------+--------+--------+--------+--------+-----+--------+
         Total |   3176 |   3099 |     77 |    745 |   1771 |   5 |  635.2 |
       Dungeon |   3176 |   3099 |     77 |    745 |   1771 |   5 |  635.2 |
               +--------+--------+--------+--------+--------+-----+--------+

Top non-repeatable levels by time:
     D:4: 951 daAuts
     D:3: 824 daAuts
     D:1: 692 daAuts
     D:2: 626 daAuts
     D:5: 82 daAuts
